Map: Triton LE

Players

Kas - Winner!

  • Race: Terran Terran
  • Spawn Location: 5:00

GogojOey

  • Race: Zerg Zerg
  • Spawn Location: 11:00

Event: NationWars 2019

VOD

Have the link to the VOD?

Description

Time

  • Played on: Oct. 3, 2019, 2:44 p.m.
  • Length: 8:22

All games in this series

Show
View Real Time Build Order
Export as new Build Order

Kas Terran - Winner!

Build Orders: Gas First Reaper Expand, Hellion Banshee 

Get SALT Encoding   

  12  0:01  SCV  
  13  0:13  SCV  
  14  0:17  Supply Depot  
  14  0:25  SCV  
  15  0:29  Refinery  
  15  0:39  SCV  
  16  0:44  Barracks  
  16  0:51  SCV  
  17  1:03  SCV  
  18  1:15  SCV  
  19  1:32  Orbital Command, Reaper  
  20  1:42  Command Center  
  20  1:53  Factory  
  20  1:58  SCV  
  21  2:04  Supply Depot  
  21  2:08  Barracks Reactor  
  21  2:10  SCV  
  22  2:17  Refinery  
  22  2:22  SCV  
  23  2:34  SCV  
  24  2:45  Starport  
  24  2:48  Hellion x2  
  24  2:49  SCV  
  29  2:55  Orbital Command  
  28  3:01  SCV  
  29  3:09  Hellion x2  
  33  3:13  SCV  
  34  3:20  Armory  
  34  3:21  SCV  
  34  3:24  Medivac  
  34  3:26  SCV  
  38  3:32  Supply Depot  
  38  3:37  Hellion x2  
  42  3:43  SCV  
  42  3:44  SCV, Barracks Tech Lab  
  44  3:54  Supply Depot  
  45  3:55  SCV  
  45  3:59  Hellion x2  
  45  4:01  SCV  
  50  4:05  Cloaking Field  
  50  4:08  Banshee  
  53  4:14  SCV  
  54  4:19  SCV  
  54  4:20  Hellion x2  
  54  4:23  Supply Depot  
  59  4:40  SCV  
  59  4:41  Command Center  
  59  4:42  Barracks Tech Lab  
  52  5:01  Banshee, SCV  
  50  5:07  SCV  
  50  5:14  Siege Tank  
  52  5:16  SCV  
  52  5:17  Marine x2  
  55  5:22  Supply Depot  
  55  5:28  SCV  
  55  5:30  SCV  
  55  5:35  Marine x2  
  58  5:44  Banshee, SCV  
  58  5:48  Siege Tank  
  65  5:52  Marine  
  65  5:55  Barracks  
  65  5:56  Barracks, SCV  
  67  5:58  Orbital Command  
  67  6:05  SCV  
  67  6:09  Marine  
  67  6:11  Marine  
  69  6:23  Siege Tank  
  71  6:27  Marine  
  71  6:28  Marine  
  62  6:43  Barracks Tech Lab  
  62  6:45  Marine, Barracks Tech Lab  
  62  6:46  SCV x2  
  65  6:55  Refinery x2  
  65  6:57  Marine  
  65  6:58  SCV  
  67  7:02  Marine  
  67  7:07  SCV  
  69  7:10  Marine x2  
  69  7:14  Barracks  
  69  7:15  Barracks, Marine  
  72  7:16  SCV x2  
  72  7:20  SCV, Marine  
  76  7:28  SCV  
  77  7:35  Marine  
  71  7:44  Marine x3  
  71  7:45  SCV  
  70  7:52  SCV  
  70  7:53  Marine  
  70  7:56  SCV  
  68  7:57  SCV  
  68  8:02  Marine x3  
Show
View Real Time Build Order
Export as new Build Order

GogojOey Zerg 

Build Orders: Hatch First 

Get SALT Encoding   

  12  0:00  Drone  
  13  0:13  Overlord  
  13  0:17  Drone  
  14  0:31  Drone  
  14  0:32  Drone  
  16  0:48  Hatchery  
  15  0:52  Drone  
  15  0:55  Drone  
  17  0:58  Drone  
  18  1:09  Extractor  
  17  1:14  Spawning Pool  
  17  1:17  Drone  
  17  1:20  Drone  
  18  1:29  Drone  
  19  1:39  Drone  
  20  1:50  Drone  
  21  2:01  Zergling x2, Queen  
  23  2:02  Queen  
  23  2:03  Zergling x2  
  27  2:11  Overlord  
  27  2:12  Drone  
  28  2:24  Hatchery  
  28  2:25  Drone  
  28  2:29  Metabolic Boost  
  28  2:32  Drone  
  29  2:39  Queen  
  29  2:44  Overlord  
  31  2:47  Drone  
  31  2:49  Drone  
  33  2:52  Drone  
  33  2:57  Drone x2  
  36  3:06  Drone  
  36  3:08  Drone  
  36  3:12  Queen  
  40  3:13  Drone  
  40  3:14  Drone  
  42  3:20  Overlord  
  42  3:25  Lair  
  42  3:29  Zergling x2  
  42  3:30  Zergling x2  
  44  3:37  Queen  
  44  3:39  Drone x2  
  44  3:40  Drone  
  49  3:41  Drone  
  49  3:48  Overlord  
  50  3:49  Drone x2  
  50  3:55  Queen  
  52  3:56  Drone  
  55  4:04  Overlord  
  55  4:10  Overlord  
  55  4:14  Drone  
  55  4:16  Drone x3, Extractor  
  58  4:17  Zergling x4  
  58  4:18  Queen  
  58  4:23  Nydus Network  
  61  4:26  Zergling x2  
  61  4:27  Zergling x4  
  64  4:36  Zergling x2  
  64  4:37  Zergling x10  
  66  4:39  Queen  
  64  4:46  Overseer  
  64  4:50  Zergling x12  
  65  4:58  Zergling x6  
  65  4:59  Baneling Nest  
  65  5:03  Zergling x4  
  65  5:04  Zergling x2  
  67  5:09  Nydus Canal  
  67  5:12  Zergling x6  
  70  5:19  Zergling x4  
  70  5:20  Overseer, Zergling x2  
  70  5:21  Zergling x4  
  75  5:22  Zergling x2  
  75  5:24  Nydus Canal  
  76  5:29  Overseer  
  76  5:30  Zergling x4  
  76  5:31  Zergling x2  
  76  5:35  Zergling x4  
  81  5:41  Nydus Canal  
  81  5:42  Overlord  
  81  5:50  Baneling x2  
  81  5:52  Nydus Canal  
  81  5:53  Zergling x2  
  81  5:54  Overlord  
  81  5:56  Zergling x2  
  81  6:00  Queen  
  81  6:01  Zergling x4  
  81  6:02  Baneling  
  85  6:05  Zergling x2  
  85  6:06  Zergling x2  
  85  6:07  Nydus Canal  
  84  6:13  Baneling x2  
  84  6:16  Nydus Canal  
  81  6:23  Zergling x14  
  83  6:26  Zergling x2  
  83  6:30  Nydus Canal  
  81  6:37  Zergling x10  
  86  6:43  Overseer  
  86  6:44  Nydus Canal  
  86  6:45  Zergling x2  
  87  6:47  Zergling x4  
  87  6:51  Overseer  
  87  6:52  Baneling x2  
  87  6:53  Baneling x2  
  89  6:57  Drone x3  
  89  6:59  Queen  
  94  7:01  Baneling  
  94  7:02  Baneling  
  94  7:06  Zergling x2  
  95  7:10  Nydus Canal  
  95  7:12  Zergling x4  
  97  7:16  Baneling  
  75  7:30  Zergling x14  
  75  7:33  Queen  
  75  7:34  Queen  
  75  7:35  Queen  
  82  7:41  Zergling x2  
  82  7:42  Zergling x4  
  75  7:45  Zergling x8  
  74  7:53  Zergling x4  
Tags
 
Add a new tag
Caveats
  • Supply blocks, unpowered buildings, or Contaminate may cause inaccurate times.
  • Supply counts are checked every 10 seconds.